Map: Neon Violet Square LE

Players

Beowulf - Winner!

  • Race: Terran Terran
  • League: Gold
  • Spawn Location: 11:00

fruitcake

  • Race: Terran Terran
  • Spawn Location: 5:00

VOD

Have the link to the VOD?

Description

Time

  • Played on: May 12, 2018, 11:30 a.m.
  • Length: 20:58
Show
View Real Time Build Order
Export as new Build Order

Beowulf Terran - Winner!

Build Orders:  

Get SALT Encoding   

  12  0:16  SCV  
  12  0:17  Supply Depot  
  13  0:36  SCV  
  13  0:40  Supply Depot  
  14  0:48  SCV  
  15  1:00  SCV  
  15  1:02  Barracks  
  16  1:12  SCV, Refinery  
  16  1:17  Refinery  
  17  1:24  SCV  
  18  1:36  SCV  
  19  1:49  SCV  
  19  1:53  Barracks Reactor  
  20  2:02  Orbital Command  
  20  2:14  Factory  
  20  2:31  SCV  
  20  2:32  Marine  
  20  2:33  Marine  
  23  2:43  SCV  
  24  2:45  Supply Depot  
  24  2:50  Marine  
  24  2:51  Marine  
  26  2:55  SCV  
  27  2:59  Factory Tech Lab  
  27  3:07  Starport  
  27  3:08  Marine x2  
  27  3:11  Engineering Bay  
  29  3:19  Siege Tank  
  32  3:26  Marine x2  
  34  3:27  Supply Depot  
  34  3:44  Marine x2, Starport Tech Lab  
  36  3:49  Terran Infantry Weapons Level 1  
  36  3:52  Supply Depot  
  36  3:56  Siege Tank  
  39  4:05  Banshee  
  42  4:22  Cloaking Field  
  42  4:24  Command Center  
  42  4:40  Starport  
  42  4:47  Marine x2  
  46  4:55  Banshee  
  47  5:05  Marine x2  
  49  5:28  Starport Tech Lab  
  49  5:30  Supply Depot  
  49  5:33  SCV  
  50  5:37  Orbital Command  
  50  5:46  SCV  
  51  5:50  Banshee  
  51  5:53  Banshee  
  57  5:58  SCV  
  58  6:10  SCV  
  59  6:14  Siege Tank  
  62  6:21  SCV  
  62  6:22  SCV  
  64  6:33  SCV  
  64  6:34  SCV  
  66  6:46  Marine x2, SCV x2  
  70  6:58  SCV  
  71  7:03  Marine x2  
  73  7:10  SCV  
  74  7:21  Marine x2  
  76  7:37  Supply Depot  
  76  7:39  Marine x2, Refinery  
  76  7:41  Refinery  
  78  7:57  Command Center  
  78  7:58  SCV, Banshee x2  
  78  8:00  Supply Depot  
  85  8:21  Siege Tank  
  85  8:22  Supply Depot  
  88  8:38  Hi-Sec Auto Tracking  
  88  8:41  Missile Turret  
  88  8:45  Supply Depot  
  88  8:48  Missile Turret  
  88  8:57  Siege Tank  
  92  9:02  SCV  
  92  9:04  Missile Turret  
  92  9:05  SCV  
  92  9:08  Missile Turret  
  93  9:14  SCV  
  94  9:17  SCV, Supply Depot  
  94  9:21  SCV  
  96  9:27  SCV  
  96  9:29  SCV  
  98  9:33  SCV  
  99  9:39  SCV  
  99  9:40  Supply Depot  
  99  9:41  SCV  
  101  9:45  SCV  
  101  9:48  Hyperflight Rotors  
  101  9:51  SCV  
  103  9:53  SCV  
  103  9:58  SCV  
  105  10:10  SCV, Refinery  
  105  10:11  Refinery  
  106  10:14  Supply Depot  
  106  10:17  Banshee x2  
  112  10:26  Terran Infantry Armor Level 1  
  112  10:28  Siege Tank  
  115  10:37  Supply Depot  
  115  10:49  Starport  
  115  10:54  Armory  
  115  11:00  Banshee x2  
  115  11:38  Starport Tech Lab  
  115  11:43  Starport  
  115  11:47  Armory, Terran Ship Weapons Level 1  
  115  11:49  Orbital Command  
  115  11:56  Supply Depot  
  115  11:59  Command Center  
  115  12:18  Supply Depot  
  115  12:23  Starport Tech Lab  
  115  12:26  Banshee x3  
  124  12:34  Starport  
  124  12:43  Fusion Core  
  124  12:44  Terran Vehicle And Ship Armor Level 1  
  124  12:46  Supply Depot  
  124  13:09  Supply Depot  
  124  13:11  SCV  
  125  13:14  Refinery  
  125  13:20  Starport  
  125  13:22  Starport Tech Lab  
  125  13:23  Refinery  
  125  13:26  Terran Infantry Weapons Level 2  
  125  13:29  Planetary Fortress  
  125  13:57  Weapon Refit  
  125  13:58  Terran Ship Weapons Level 2  
  125  14:08  Starport  
  125  14:09  Starport Tech Lab  
  125  14:11  Battlecruiser x4  
  125  14:12  Battlecruiser  
  155  14:36  Sensor Tower  
  155  14:41  Missile Turret  
  155  14:44  Missile Turret  
  155  14:55  Starport Tech Lab  
  155  15:03  Missile Turret  
  155  15:04  Missile Turret  
  155  15:41  Terran Infantry Armor Level 2  
  117  16:51  Battlecruiser x4  
  117  16:52  Battlecruiser x2  
  117  16:53  Battlecruiser  
  159  17:04  Terran Vehicle And Ship Armor Level 2, Terran Ship Weapons Level 3  
  159  17:18  Marine x2  
  161  17:35  Marine  
  161  17:36  Marine  
  163  17:53  Marine x2  
  163  17:57  Terran Infantry Weapons Level 3  
  162  18:11  Marine x2  
  137  19:11  Siege Tank  
  137  19:13  Marine x2  
  142  19:31  Marine x2  
  144  19:42  Command Center, Banshee x4  
  144  19:43  Siege Tank, Banshee x3  
  168  19:48  Marine  
  168  19:49  Marine  
  169  20:01  Missile Turret  
  169  20:03  Missile Turret  
  169  20:05  Missile Turret  
  169  20:06  Marine x2, Command Center  
  171  20:07  Missile Turret  
  170  20:15  Siege Tank  
  184  20:34  Marine  
  184  20:35  Marine  
Show
View Real Time Build Order
Export as new Build Order

fruitcake Terran 

Build Orders: Reaper Expand 

Get SALT Encoding   

  12  0:01  SCV  
  13  0:16  Supply Depot  
  13  0:25  SCV  
  14  0:34  Refinery  
  14  0:37  SCV  
  15  0:50  SCV, Barracks  
  16  1:03  SCV  
  17  1:11  Barracks  
  17  1:23  SCV  
  18  1:34  Command Center  
  18  1:53  Reaper  
  19  1:58  SCV  
  20  2:01  Refinery  
  20  2:10  SCV  
  20  2:11  Supply Depot  
  21  2:17  Barracks  
  22  2:22  SCV  
  22  2:31  Barracks Reactor  
  22  2:41  SCV  
  23  2:46  SCV  
  24  2:53  SCV  
  24  2:58  SCV  
  26  3:00  Factory  
  26  3:06  Barracks Reactor  
  26  3:08  Reaper  
  26  3:10  SCV  
  26  3:12  Reaper  
  29  3:22  SCV x2  
  32  3:34  SCV x2  
  33  3:43  Marine x2, Engineering Bay  
  33  3:46  Barracks Tech Lab, SCV  
  33  3:47  Factory Tech Lab  
  36  3:54  Barracks  
  36  4:04  Marine x2  
  36  4:06  Stimpack  
  36  4:09  Marauder  
  40  4:23  Missile Turret  
  40  4:29  Missile Turret  
  40  4:31  Missile Turret  
  40  4:33  Marine x2  
  40  4:34  Marauder  
  44  4:41  Supply Depot  
  44  4:43  SCV  
  45  4:51  Marine  
  46  5:03  Siege Tank  
  46  5:04  Terran Infantry Weapons Level 1  
  46  5:06  Sensor Tower, Marine, Supply Depot  
  50  5:19  SCV  
  51  5:27  Refinery  
  51  5:30  Refinery  
  51  5:31  Marine, SCV  
  51  5:33  Barracks Reactor  
  53  5:36  Cyclone  
  56  5:43  Missile Turret  
  56  5:44  SCV  
  57  5:50  Missile Turret  
  57  6:04  Orbital Command  
  57  6:19  Marine, Siege Tank  
  57  6:20  Marine  
  62  6:26  Supply Depot  
  62  6:28  Supply Depot  
  62  6:48  Marine x4, Marauder  
  62  6:51  Factory  
  66  7:05  Marine x3  
  68  7:10  Marauder  
  49  7:31  Marauder  
  51  7:38  Refinery  
  51  7:45  Command Center  
  51  7:50  Marine  
  51  7:51  Marine x2  
  54  7:52  Marauder  
  54  7:56  Starport  
  56  7:59  Missile Turret  
  56  8:04  Refinery  
  56  8:05  Marine  
  57  8:08  Marine x2  
  57  8:11  Siege Tank  
  62  8:14  Factory Tech Lab, Marauder  
  64  8:22  Missile Turret  
  64  8:27  SCV  
  64  8:30  SCV  
  66  8:34  Starport  
  66  8:35  Marine, Marauder  
  66  8:40  SCV  
  70  8:42  SCV  
  70  8:43  Armory  
  70  8:47  Starport Tech Lab  
  71  8:52  SCV  
  71  8:54  SCV  
  73  8:56  Marauder  
  75  9:06  SCV  
  78  9:12  Orbital Command  
  78  9:14  Orbital Command  
  76  9:18  SCV, Marauder  
  79  9:25  Starport Tech Lab  
  79  9:26  Raven  
  79  9:30  SCV  
  82  9:39  Marauder  
  82  9:43  SCV  
  82  9:45  Missile Turret  
  85  10:01  Refinery, Marauder  
  85  10:06  Raven  
  89  10:09  Raven  
  89  10:12  SCV  
  92  10:20  Marine  
  93  10:23  Terran Vehicle Weapons Level 1  
  93  10:33  Supply Depot  
  93  10:55  Marine x2, SCV, Marauder, Banshee  
  93  10:56  Supply Depot  
  101  10:58  Terran Infantry Weapons Level 2  
  101  11:13  Marine  
  101  11:14  SCV  
  101  11:15  Marine  
  101  11:17  Marine  
  101  11:32  Raven  
  101  11:48  Missile Turret  
  101  12:02  Missile Turret  
  101  12:06  Missile Turret, Supply Depot  
  101  12:07  Supply Depot  
  101  12:08  Supply Depot  
  101  12:21  Starport  
  101  12:26  Missile Turret  
  101  12:28  Siege Tank, Viking x2  
  101  12:29  Siege Tank, Supply Depot, Marauder  
  113  12:30  Supply Depot  
  113  12:33  Marine  
  113  12:34  Marine x3, Supply Depot  
  117  12:48  Missile Turret  
  117  12:50  Marauder  
  119  12:51  Marine x3  
  119  12:52  Marine  
  119  12:57  Medivac  
  119  12:58  Viking x2  
  129  13:00  Siege Tank  
  132  13:09  Marine  
  132  13:10  Marine x3  
  132  13:12  Marauder  
  138  13:24  Command Center  
  138  13:26  Medivac  
  140  13:27  Marine x2  
  140  13:28  Marine, Viking x2  
  140  13:33  Marauder  
  149  13:35  Sensor Tower  
  149  13:41  Sensor Tower  
  149  13:52  Supply Depot  
  149  13:54  Supply Depot x2  
  149  13:56  Supply Depot  
  149  14:04  Starport Reactor  
  149  14:14  SCV, Marauder, Viking x2  
  149  14:15  Thor  
  162  14:26  SCV  
  162  14:27  Thor  
  169  14:35  Marauder  
  169  14:38  SCV  
  172  14:44  Viking x2  
  176  14:53  Terran Vehicle Weapons Level 2  
  176  14:54  Terran Infantry Weapons Level 3  
  176  14:57  Viking x2  
  176  14:58  Thor  
  186  15:11  Missile Turret  
  186  15:13  Banshee x2  
  192  15:27  Medivac x2  
  196  15:31  Missile Turret  
  195  16:03  Medivac, Viking  
  135  16:20  Thor x2  
  134  16:32  Marine x2  
  112  16:33  Medivac, Marauder  
  77  16:54  Marauder  
  77  16:58  Fusion Core  
  79  17:03  Planetary Fortress  
  79  17:07  Thor x2  
  91  17:15  Viking  
  93  17:21  Viking  
  95  17:28  Viking  
  97  17:34  Viking  
  99  17:49  Thor  
  99  17:50  Thor  
  111  17:51  Command Center  
  111  17:52  Viking x2  
  115  17:58  Viking  
  117  18:19  Orbital Command  
  117  18:20  Raven  
  118  19:06  Orbital Command  
  112  19:28  Orbital Command  
  112  19:31  Refinery  
  112  19:33  Raven  
  112  19:34  Refinery  
  110  20:02  Thor  
Tags
 
Add a new tag
Caveats
  • Supply blocks, unpowered buildings, or Contaminate may cause inaccurate times.
  • Supply counts are checked every 10 seconds.